 Dungeon Crawl Stone Soup version 0.21-a0-104-g7b58145 (webtiles) character file.

129 Duffy the Shield-Bearer (level 5, -9/41 HPs)
             Began as a Formicid Fighter on July 6, 2017.
             Mangled by Crazy Yiuf
             ... wielding a +4 quarterstaff of chaos
              (14 damage)
             ... on level 3 of the Dungeon.
             The game lasted 00:02:07 (2305 turns).

Duffy the Shield-Bearer (Formicid Fighter)          Turns: 2305, Time: 00:02:08

Health: -9/41      AC:  9    Str: 23    XL:     5   Next: 35%
Magic:  5/5        EV:  6    Int:  8    God:
Gold:   111        SH: 10    Dex: 10    Spells: 4/4 levels left

rFire    . . .     SeeInvis +   a - +0 quarterstaff
rCold    . . .     Gourm    .   c - +0 shield
rNeg     . . .     Faith    .   w - +0 chain mail
rPois    .         Spirit   .   (helmet unavailable)
rElec    .         Reflect  .   (no cloak)
rCorr    .         Harm     +   (no gloves)
MR       .....                  (no boots)
Stlth    ..........             y - amulet of harm
HPRegen  0.13/turn              g - +2 ring of strength
MPRegen  0.09/turn              (no ring)

@: lethally poisoned (-9 -> -13)
A: permanent stasis, dig shafts and tunnels, four strong arms, antennae 3
a: Dig, Shaft Self


You were on level 3 of the Dungeon.
You were not hungry.

You visited 1 branch of the dungeon, and saw 3 of its levels.

You collected 111 gold pieces.

Inventory:

Hand Weapons
 a - a +0 quarterstaff (weapon)
Missiles
 i - 6 javelins of penetration (quivered)
Armour
 c - a +0 shield (worn)
 w - a +0 chain mail (worn)
Jewellery
 g - a +2 ring of strength (left hand)
 x - an uncursed ring of ice
 y - an amulet of harm (around neck)
Scrolls
 b - a scroll of noise {unknown}
 l - 2 scrolls of enchant weapon {unknown}
 m - a scroll of teleportation {unknown}
 q - 4 scrolls of amnesia {unknown}
 s - a scroll of immolation {unknown}
 u - 4 scrolls of identify {unknown}
 v - a scroll of fog {unknown}
Potions
 d - a potion of might
 e - a potion of flight {unknown}
 h - 2 potions of lignification {unknown}
 j - 2 potions of haste {unknown}
 n - a potion of heal wounds
 r - a potion of curing {unknown}
 t - a potion of mutation {unknown}
 z - a potion of berserk rage {unknown}
Comestibles
 f - a bread ration
 k - 6 fruits
 o - a chunk of flesh
 p - a royal jelly


   Skills:
 - Level 3.2 Fighting
 + Level 3.9 Staves
 - Level 3.2 Armour
 + Level 5.3 Shields


You had 4 spell levels left.
You didn't know any spells.

Dungeon Overview and Level Annotations

Branches:
Dungeon (3/15)

Altars:
Wu Jian

Annotations:
D:3 Crazy Yiuf


Innate Abilities, Weirdness & Mutations

You cannot be hasted, slowed, berserked, paralysed or teleported.
You can dig through walls and to a lower floor.
Your four strong arms can wield two-handed weapons with a shield.
You have a pair of large antennae on your head. (SInv)


Message History

Crazy Yiuf is almost dead.
You feel sick.
Crazy Yiuf hits you with a quarterstaff of chaos!
You feel a strange sense of stasis.
You hit Crazy Yiuf.
Crazy Yiuf is almost dead.
You feel sick.
Crazy Yiuf hits you with a quarterstaff of chaos.
You hit Crazy Yiuf but do no damage.
Crazy Yiuf is almost dead.
You feel sick.
Crazy Yiuf hits you with a quarterstaff of chaos!
You hit Crazy Yiuf but do no damage.
Crazy Yiuf is almost dead.
You feel sick. You block Crazy Yiuf's attack.
You barely miss Crazy Yiuf.
Crazy Yiuf is almost dead.
You feel sick.
Crazy Yiuf hits you with a quarterstaff of chaos!
You die...

....# .##.#
###.####
.......# ###
###.##.# #.#
#.##.# #.#
##### #.##.#
#.# #).)#
#.##.# #.#
#)g)# #.##.#
#.# #)@)#
#.##.###.#
##'##
###........#


7)77 .......##### 77)7 ###..### 7)77 #..# 77)7 #..# 77)77 #..# 77..)7
###..####### 7....7 You could see Crazy Yiuf.

Vanquished Creatures
  Terence (D:3)
  Robin (D:2)
  3 adders
  A dart slug (D:1)
  A leopard gecko (D:2)
  An orc (D:3)
  2 ball pythons
  7 bats
  A giant cockroach (D:2)
  14 goblins
  11 hobgoblins
  5 jackals
  3 frilled lizards
  4 kobolds
  9 rats
64 creatures vanquished.

Notes
Turn   | Place    | Note
-------+----------+-------------------------------------------
     0 | D:1      | Duffy the Formicid Fighter began the quest for the Orb.
     0 | D:1      | Reached XP level 1. HP: 18/18 MP: 1/1
     3 | D:1      | Noticed an electric eel
     3 | D:1      | Noticed an electric eel
   186 | D:1      | Reached XP level 2. HP: 24/24 MP: 2/2
   245 | D:1      | Reached skill level 4 in Shields
   615 | D:1      | Reached XP level 3. HP: 27/29 MP: 3/3
  1482 | D:2      | Found an ornate altar of the Wu Jian Council.
  1524 | D:2      | Noticed Robin
  1544 | D:2      | Reached XP level 4. HP: 31/35 MP: 4/4
  1547 | D:2      | Killed Robin
  1755 | D:2      | Reached skill level 5 in Shields
  1804 | D:3      | Noticed Terence
  1821 | D:3      | Killed Terence
  1821 | D:3      | Reached XP level 5. HP: 33/41 MP: 5/5
  2294 | D:3      | Found a runed door.
  2298 | D:3      | Noticed Crazy Yiuf
  2305 | D:3      | Mangled by Crazy Yiuf

Vault maps used:
D:1:      arrival_aquarium_b
D:2:      overflow_temple_1_default, uniq_robin
D:3:      uniq_crazy_yiuf_cottage, uniq_terence

Skill      XL: |  1  2  3  4 |
---------------+-------------+-----
Shields        | 4 5 |  5.3
Staves         | 3 |  3.9
Fighting       | |  3.2
Armour         | |  3.2

Action                   |  1- 3 |  4- 6 || total
-------------------------+-------+-------++-------
Melee: Quarterstaff      |   119 |   111 ||   230
 Abil: Dig               |     1 |       ||     1
  Eat: Chunk             |     2 |     3 ||     5
Armor: Scale mail        |    57 |     9 ||    66
       Chain mail        |       |    36 ||    36
Dodge: Dodged            |    43 |    22 ||    65
Block: Shield            |    69 |    57 ||   126
